 Dungeon Crawl Stone Soup version 0.27.1-1-g398f81649c (webtiles) character file.

Game seed: 2962043590794128029

1157 Rickety the Covert (level 8, -3/36 (37) HPs)
             Began as a Spriggan Enchanter on Sept 18, 2021.
             Slain by a hell rat (17 damage)
             ... on level 5 of the Dungeon.
             The game lasted 00:19:55 (9129 turns).

Rickety the Covert (Spriggan Enchanter)             Turns: 9129, Time: 00:19:55

HP:   -3/36 (37)    AC:  4    Str:  4    XL:     8   Next: 16%
MP:   12/17         EV: 18    Int: 17    God:
Gold: 116           SH:  0    Dex: 17    Spells: 5/17 levels left

rFire    . . .     SeeInvis +   a - +1 dagger (venom)
rCold    . . .     Faith    .   (shield restricted)
rNeg     + . .     Spirit   .   t - +2 robe {rN+}
rPois    .         Reflect  .   (helmet restricted)
rElec    .         Harm     .   (no cloak)
rCorr    .         Rampage  .   (gloves unavailable)
Will     +....                  (boots unavailable)
Stlth    +++++.....             (no amulet)
HPRegen  0.12/turn              (no ring)
MPRegen  0.15/turn              (no ring)

@: confusing by touch, lightly drained, very quick
A: very small, no large weapons, unfitting armour, see invisible, speed 3
a: no special abilities


You were on level 5 of the Dungeon.
You visited 2 branches of the dungeon, and saw 6 of its levels.

You collected 116 gold pieces.

Inventory:

Hand Weapons
 a - a +1 dagger of venom (weapon)
 b - a +2 short sword of draining
 m - a +1 dagger
Missiles
 k - 2 throwing nets
 l - 27 poisoned darts (quivered)
Armour
 q - the +0 robe "Yqutoux" {Regen+ Str-4 SInv Stlth+}
   (You found it on level 4 of the Dungeon)

   Str:       It affects your strength (-4).
   SInv:      It lets you see invisible.
   Regen:     It increases your rate of health regeneration.
   Stlth:     It makes you more stealthy.
 t - a +2 robe of positive energy (worn)
Magical Staves
 n - a staff of death
Wands
 s - a wand of flame (15)
Scrolls
 c - a scroll of enchant armour {unknown}
 f - a scroll of amnesia {unknown}
 g - 2 scrolls of vulnerability
 j - a scroll of torment {unknown}
Potions
 d - 3 potions of curing {unknown}
 e - 2 potions of attraction {unknown}
 h - 2 potions of flight {unknown}
 i - a potion of brilliance {unknown}
 o - a potion of haste {unknown}
 p - 2 potions of degeneration {unknown}


   Skills:
 + Level 0.7 Fighting
 + Level 3.7 Short Blades
 + Level 3.7 Dodging
 * Level 11.1 Stealth
 + Level 5.3 Spellcasting
 + Level 5.9 Hexes
 - Level 0.1 Ice Magic


You had 5 spell levels left.
You knew the following spells:

 Your Spells              Type           Power      Damage    Failure   Level
a - Corona                Hex            26%        N/A       1%          1
b - Ensorcelled Hibernat  Hex/Ice        30%        N/A       6%          2
c - Confusing Touch       Hex            24%        N/A       3%          3
d - Dazzling Flash        Conj/Hex       28%        N/A       12%         3
t - Tukima's Dance        Hex            24%        N/A       3%          3

Your spell library contained the following spells:

 Spells                   Type           Power      Damage    Failure   Level
 Freeze                   Ice            20%        1d4       13%         1
 Shock                    Conj/Air       16%        1d4       14%         1
 Passwall                 Tmut/Erth      3%         N/A       21%         2
 Frozen Ramparts          Ice            10%        1d3       36%         3
 Swiftness                Air            4%         N/A       38%         3
 Hailstorm                Conj/Ice       4%         3d4       78%         4
 Ice Form                 Ice/Tmut       4%         N/A       78%         4
 Summon Ice Beast         Ice/Summ       4%         N/A       78%         4
 Airstrike                Air            2%         N/A       80%         4
 Invisibility             Hex            12%        N/A       88%         6


Dungeon Overview and Level Annotations

Branches:
Dungeon (5/15)             Temple (1/1) D:4

Altars:
Ashenzari
Dithmenos
Elyvilon
Gozag
Hepliaklqana
Nemelex Xobeh
Qazlal
Sif Muna
Trog
Vehumet
Wu Jian
Xom
Yredelemnul
Zin

Shops:
D:1 !


Innate Abilities, Weirdness & Mutations

You are very small and have problems with some larger weapons.
You are too small for most types of armour.
You have supernaturally acute eyesight. (SInv)
You cover ground extremely quickly. (Speed+++)


Message History

The hell rat completely misses you.
You hit the hell rat but do no damage.
The hell rat is poisoned.
The hell rat closely misses you.
You catch the helpless hell rat completely off-guard!
You impale the hell rat!!
You kill the hell rat!
A hell rat comes into view.
Your Stealth skill increases to level 11!
The hell rat roars deafeningly!
You hit the river rat but do no damage.
The river rat is poisoned.
You hear a deafening roar! x2
The river rat completely misses you.
You hit the river rat but do no damage.
The river rat looks as sick as possible!
The river rat is lightly wounded.
The river rat closely misses you.
Things that are here:
a hell rat corpse; a river rat corpse
Casting: Confusing Touch (dangerous; 3% risk of failure)
Confirm with . or Enter, or press ? or * to list all spells.
Your hands begin to glow red.
You feel a bit more experienced.
Your life force feels restored.
You start resting.
A hell rat is nearby!
You hit the hell rat but do no damage.
The hell rat appears confused.
You hit the hell rat but do no damage.
The hell rat is poisoned.
You catch the helpless hell rat completely off-guard!
You impale the hell rat!!
You kill the hell rat!
You start resting.
A hell rat comes into view.
Casting: Confusing Touch (dangerous; 3% risk of failure)
Confirm with . or Enter, or press ? or * to list all spells.
Your hands begin to glow red.
The hell rat roars deafeningly!
You hear a deafening roar!
The hell rat bites you! You partially resist.
You feel drained.
You hit the hell rat but do no damage. The hell rat barely misses you.
You closely miss the hell rat. The hell rat completely misses you.
You hit the hell rat but do no damage. The hell rat bites you!
You die...

..#.#....##.......†........
#...#............>.........
#..........................
##.#########.#.##......##..
.. ####.#...#†###.........#
...
#...#†###.#..####......###
#.# .######
#####.###........##..#
######. ##.###...........#
.†##... ##.@##..........#.
##.##..# ###r#.............
#.##


rrr ##.###............. .##.# #r#######r#.#..............
#.##...#...##.r#####..#<(........ #††# #.r.....###..###.#..........
#..########### .................. ###.# .................. ....##.
...............#.. You could see a hell rat.

Vanquished Creatures
  Sigmund (D:5)
  Eustachio (D:4)
  Duvessa (D:4)
  A bullfrog (D:5)
  Dowan (D:4)
  An orc priest (D:4)
  A centaur zombie (D:5)
  A hound (D:4)
  A jelly (D:5)
  3 hell rats (D:5)
  An orc wizard (D:4)
  A killer bee zombie (D:4)
  2 hound skeletons (D:4)
  5 gnolls (D:2)
  11 adders
  13 river rats (D:5)
  A white imp (D:5)
  2 ufetubi
  2 adder skeletons (D:4)
  4 worms
  2 dart slugs
  4 orcs
  3 ball pythons
  3 endoplasms
  3 giant cockroaches
  7 goblins
  7 hobgoblins
  6 kobolds
  2 quokkas
  2 bats
  3 frilled lizards
  9 rats
105 creatures vanquished.

Vanquished Creatures (collateral kills)
  3 gnolls (D:2)
  A bat (D:2)
4 creatures vanquished.

Vanquished Creatures (others)
  2 dancing weapons
  7 plants (D:2)
9 creatures vanquished.

Grand Total: 118 creatures vanquished

Notes
Turn   | Place    | Note
-------+----------+-------------------------------------------
     0 | D:1      | Rickety the Spriggan Enchanter began the quest for the Orb.
     0 | D:1      | Reached XP level 1. HP: 9/9 MP: 5/5
   665 | D:1      | Found Quepibum's Distillery.
   940 | D:1      | Reached XP level 2. HP: 7/13 MP: 4/6
   943 | D:1      | Learned a level 2 spell: Ensorcelled Hibernation
  1495 | D:1      | Found a faded altar of an unknown god.
  1634 | D:1      | Reached skill level 5 in Stealth
  2170 | D:2      | Reached XP level 3. HP: 8/16 MP: 5/8
  2176 | D:2      | Learned a level 3 spell: Confusing Touch
  3237 | D:2      | Reached XP level 4. HP: 16/21 MP: 1/9
  3250 | D:1      | Learned a level 3 spell: Tukima's Dance
  3850 | D:2      | Reached skill level 6 in Stealth
  4534 | D:3      | Found a shadowy altar of Dithmenos.
  4636 | D:3      | Reached XP level 5. HP: 24/24 MP: 6/11
  5304 | D:3      | Found a hazy altar of Hepliaklqana.
  5496 | D:4      | Reached skill level 7 in Stealth
  5679 | D:4      | Found a staircase to the Ecumenical Temple.
  5707 | Temple   | Entered the Ecumenical Temple
  5950 | D:4      | Noticed Eustachio
  6737 | D:4      | Reached XP level 6. HP: 18/28 MP: 8/12
  6741 | D:4      | Learned a level 3 spell: Dazzling Flash
  6910 | D:4      | Killed Eustachio
  6911 | D:4      | Reached skill level 8 in Stealth
  6911 | D:4      | Reached skill level 5 in Hexes
  7071 | D:4      | Noticed Duvessa
  7071 | D:4      | Noticed Dowan
  7080 | D:4      | Killed Dowan
  7503 | D:4      | Found a shimmering blue altar of Sif Muna.
  7529 | D:4      | Reached XP level 7. HP: 27/32 MP: 11/14
  7532 | D:4      | Reached skill level 9 in Stealth
  7631 | D:4      | Identified the +0 robe "Yqutoux" {Regen+ Str-4 SInv Stlth+}
  7922 | D:4      | Killed Duvessa
  8170 | D:5      | Entered Level 5 of the Dungeon
  8446 | D:5      | Noticed Sigmund
  8451 | D:5      | Killed Sigmund
  8452 | D:5      | Reached skill level 10 in Stealth
  8452 | D:5      | Reached skill level 5 in Spellcasting
  8935 | D:5      | Reached XP level 8. HP: 37/37 MP: 16/16
  9103 | D:5      | Reached skill level 11 in Stealth
  9129 | D:5      | Slain by a hell rat

Illustrated notes

Levels and vault maps discovered:
D:1:      beargit_arrival_greenhouse, layout_basic,
          hellmonk_ecumenical_altar_heavens_door, serial_shops, shop
D:2:      layout_rooms, serial_aquarium, aquarium_bridge_island_small
          [aquarium_subvault_small_open, aquarium_subvault_bridge,
          aquarium_subvault_window, aquarium_subvault_window,
          aquarium_subvault_bridge], aquarium_window_fake, aquarium_window_1,
          aquarium_window_fake, aquarium_window_2, aquarium_view_2f,
          aquarium_balcony_1b, aquarium_pool_double, serial_bayou_ford_a
D:3:      layout_loops_corners, general_overflow_altar,
          nicolae_hepliaklqana_hippocampus
D:4:      layout_basic, lemuel_doored_altar, minmay_temple_entry_stoned_glass,
          uniq_eustachio, uniq_duvessa
D:5:      wander_guarded_unrand_ratskin, layout_cave_pools, marbit_many_paths,
          uniq_sigmund
Temple:   grunt_temple_mini_profane

Skill      XL: |  1  2  3  4  5  6  7  8 |
---------------+-------------------------+-----
Hexes          | 4 5 |  5.9
Stealth        | 5 6 7 8 10 11 | 11.1
Spellcasting   | 3 4 5 |  5.3
Short Blades   | 2 3 |  3.7
Dodging        | 3 |  3.7
Fighting       | |  0.7
Ice Magic      | |  0.1

Action                   |  1- 3 |  4- 6 |  7- 9 || total
-------------------------+-------+-------+-------++-------
Melee: Dagger            |    84 |   136 |    80 ||   300
Throw: Dart              |       |     1 |       ||     1
 Cast: Corona            |    12 |       |       ||    12
       Ensorcelled Hiber |    26 |    39 |    11 ||    76
       Tukima's Dance    |       |     6 |     1 ||     7
       Confusing Touch   |       |     7 |     5 ||    12
  Use: Scroll            |       |     6 |       ||     6
 Stab: Sleeping          |    16 |    30 |    14 ||    60
       Distracted        |     1 |       |     2 ||     3
       Confused          |       |     4 |     4 ||     8
Armor: Robe              |    15 |    11 |     3 ||    29
Dodge: Dodged            |    62 |   101 |    53 ||   216
